 Dungeon Crawl Stone Soup version 0.30-a0-728-gc68057be0a (webtiles) character file.

Game seed: 14705698905592885503

3645 retardedninja the Cleaver (level 9, -8/83 HPs)
             Began as a Minotaur Fighter on Jan 30, 2023.
             Was an Initiate of Gozag.
             Killed by the air
             ... invoked by Gastronok
              (31 damage)
             ... on level 8 of the Dungeon.
             The game lasted 00:13:00 (8310 turns).

retardedninja the Cleaver (Minotaur Fighter)        Turns: 8310, Time: 00:13:01

Health: -8/83      AC: 13    Str: 25    XL:     9   Next: 88%
Magic:  8/8        EV: 14    Int:  5    God:    Gozag
Gold:   844        SH:  6    Dex: 10    Spells: 8/8 levels left

rFire   . . .      SeeInvis .    s - +0 war axe (heavy)
rCold   + . .      Faith    .    c - +0 buckler
rNeg    . . .      Spirit   .    v - +2 scale mail {rC+}
rPois   .          Reflect  .    (helmet restricted)
rElec   .          Harm     .    (no cloak)
rCorr   .          Rampage  .    (no gloves)
Will    .....                    w - +2 pair of boots Stlth
                                 (no amulet)
HPRegen 0.33/turn                q - +5 ring of evasion
MPRegen 0.11/turn                (no ring)

@: studying Unarmed Combat, invisible
A: horns 2, retaliatory headbutt, wild magic 1, noise suppression
a: Renounce Religion, Potion Petition, Call Merchant, Bribe Branch


You were on level 8 of the Dungeon.
You worshipped Gozag.
Gozag was pleased with you.
You visited 2 branches of the dungeon, and saw 10 of its levels.

You collected 886 gold pieces.
You paid 42 gold pieces to Gozag.

Inventory:

Hand Weapons
 s - a +0 heavy war axe (weapon)
Missiles
 r - 9 javelins (quivered)
Armour
 c - a +0 buckler (worn)
 v - a +2 scale mail of cold resistance (worn)
 w - a +2 pair of boots (worn)
Jewellery
 j - an amulet of regeneration
 q - a +5 ring of evasion (left hand)
 t - an amulet of reflection
 A - a +6 ring of intelligence
Wands
 y - a wand of flame (26)
Scrolls
 e - 4 scrolls of poison
 g - a scroll of immolation
 m - 2 scrolls of magic mapping
 n - a scroll of fog {unknown}
 p - 2 scrolls of identify
 C - a scroll of teleportation {unknown}
 D - a scroll of fear {unknown}
Potions
 a - 2 potions of berserk rage {unknown}
 b - a potion of lignification
 d - a potion of might
 f - a potion of resistance {unknown}
 h - a potion of haste
 k - a potion of mutation
 l - a potion of brilliance {unknown}
 o - 3 potions of flight
 u - 2 potions of attraction {unknown}
 x - 5 potions of curing
 z - 2 potions of cancellation {unknown}
 B - a potion of heal wounds {unknown}


   Skills:
 + Level 9.1 Fighting
 * Level 9.5 Axes
 + Level 9.1 Armour
 + Level 9.0 Shields


You had 8 spell levels left.
You didn't know any spells.
Your spell library contained the following spells:

 Spells                   Type           Power      Damage    Failure   Level
 Sandblast                Erth           0%         2d4       86%         1
 Blink                    Tloc           0%         N/A       94%         2
 Lesser Beckoning         Tloc           0%         N/A       94%         2
 Momentum Strike          Conj/Tloc      0%         3d8       94%         2
 Passwall                 Tmut/Erth      0%         N/A       94%         2
 Sublimation of Blood     Necr           0%         N/A       94%         2
 Wereblood                Tmut           0%         N/A       94%         2
 Portal Projectile        Hex/Tloc       0%         N/A       99%         3
 Stone Arrow              Conj/Erth      0%         3d7       99%         3
 Tukima's Dance           Hex            0%         N/A       99%         3
 Passage of Golubria      Tloc           0%         N/A       100%        4
 Blade Hands              Tmut           0%         N/A       100%        5
 Yara's Violent Unravell  Hex/Tmut       0%         3d3       100%        5
 Summon Hydra             Summ           0%         N/A       100%        7


Dungeon Overview and Level Annotations

Branches:
Dungeon (9/15)             Temple (1/1) D:5
   Lair: D:8-11         Orc: D:9-12

Altars:
Ashenzari
Cheibriados
Dithmenos
Elyvilon
Fedhas
Gozag
Hepliaklqana
Kikubaaqudgha
Makhleb
Nemelex Xobeh
Okawaru
Qazlal
Ru
Sif Muna
Trog
Uskayaw
Vehumet
Wu Jian
Yredelemnul
Zin
The Shining One

Shops:
D:2 *   D:6 ?

Annotations:
D:8 Gastronok, Joseph


Innate Abilities, Weirdness & Mutations

You have a pair of horns on your head.
You reflexively headbutt those who attack you in melee.
Your spells are a little harder to cast, but a little more powerful.
You passively dampen the noise of your surroundings.


Message History

Joseph shoots a sling bullet.
The sling bullet hits you.
There are monsters nearby!
Joseph shoots a sling bullet.
The sling bullet hits you.
There are monsters nearby!
You slash Gastronok!
Gastronok is lightly wounded.
Gastronok closely misses you. You furiously retaliate!
You headbutt Gastronok!
Joseph shouts, "Return immediately or I'll kill you!"
Joseph shoots a sling bullet.
The sling bullet misses you.
You slice Gastronok!! You headbutt Gastronok.
Gastronok is moderately wounded.
Joseph shoots a sling bullet.
The sling bullet misses you. Gastronok bites you but does no damage.
You slice Gastronok!!
Gastronok is heavily wounded.
Joseph shoots a sling bullet.
The sling bullet hits you.
Joseph shoots a sling bullet.
The sling bullet hits you! Gastronok misses you.
You slice Gastronok!! You headbutt Gastronok!
Gastronok is severely wounded.
Joseph shoots a sling bullet.
The sling bullet hits you!
Gastronok bubbles merrily.
Joseph shoots a sling bullet.
The sling bullet hits you but does no damage.
You completely miss Gastronok.
You headbutt Gastronok, but do no damage.
Gastronok is severely wounded.
Joseph shoots a sling bullet.
The sling bullet hits you! Gastronok bites you!
You are too injured to fight recklessly!
You are too injured to fight recklessly!
You are too injured to fight recklessly!
Okay, then.
You fade into invisibility!
You slash Gastronok!
Gastronok is almost dead.
Joseph shoots a sling bullet.
The sling bullet hits you!
* * * LOW HITPOINT WARNING * * *
Joseph zaps a wand.
The puff of flame misses you.
Gastronok waves his eye-stalks in wide circles.
You die...
Your body crumbles into a pile of gold.

# ##...###..#.###.....#..##......
# #....###..#.###..##....# ......
####.......#..#...###....###..##.
..####.....#..#...........# #...
.............##..........## ..#
##...............#......##
#####...#####....#......... #...#
#.#............# #..##
#...@.........## ....
#....w.....#..##
...............@.#####
.....#...###......# ####
........# .......## ......##
....##..


You could see Gastronok (swift) and Joseph (unable to see you).

Vanquished Creatures
  Maggie (D:7)
  Prince Ribbit (D:8)
  Grinder (D:5)
  3 yaks (D:7)
  2 black bears (D:6)
  2 ice beasts
  3 ogres
  2 centaurs
  A phantom (D:5)
  A kobold brigand (D:7)
  A bullfrog (D:4)
  A scorpion (D:4)
  3 gnoll sergeants
  5 wights
  2 howler monkeys
  5 hounds
  3 gnoll boudas
  3 jellies
  4 orc priests
  3 iguanas
  Terence (D:3)
  3 orc wizards
  Natasha (thrice) (D:3)
  13 gnolls
  6 adders
  A worm (D:2)
  2 dart slugs
  11 orcs
  5 bats
  7 endoplasms
  2 giant cockroaches
  7 goblins
  10 hobgoblins
  6 jackals (D:1)
  3 quokkas (D:3)
  8 ball pythons
  4 frilled lizards
  16 kobolds
  4 rats
159 creatures vanquished.

Notes
Turn   | Place    | Note
-------+----------+-------------------------------------------
     0 | D:1      | retardedninja the Minotaur Fighter began the quest for the
                  | Orb.
     0 | D:1      | Reached XP level 1. HP: 19/19 MP: 0/0
   112 | D:1      | Reached XP level 2. HP: 26/27 MP: 1/1
   316 | D:1      | Reached XP level 3. HP: 33/33 MP: 2/2
   780 | D:2      | Found Quimyf's General Store.
  1312 | D:2      | Reached XP level 4. HP: 41/41 MP: 3/3
  1546 | D:3      | Noticed Terence
  1557 | D:3      | Killed Terence
  1789 | D:3      | Noticed Natasha
  1793 | D:3      | Killed Natasha
  1794 | D:3      | Reached XP level 5. HP: 47/47 MP: 4/4
  1865 | D:3      | Found an ancient bone altar of Kikubaaqudgha.
  1867 | D:3      | Noticed Natasha
  1873 | D:3      | Killed Natasha
  2146 | D:3      | Found a shimmering blue altar of Sif Muna.
  2504 | D:4      | Reached skill level 5 in Armour
  2505 | D:4      | Reached skill level 5 in Fighting
  2517 | D:4      | Reached skill level 5 in Shields
  2601 | D:4      | Found a bloodstained altar of Trog.
  2608 | D:4      | Reached XP level 6. HP: 51/56 MP: 5/5
  2698 | D:3      | Noticed Natasha
  2701 | D:3      | Killed Natasha
  2809 | D:3      | Found a glowing golden altar of the Shining One.
  2809 | D:3      | Found an opulent altar of Gozag.
  2809 | D:3      | Found an ornate altar of the Wu Jian Council.
  2820 | D:3      | Became a worshipper of Gozag Ym Sagoz the Greedy
  3442 | D:5      | Entered Level 5 of the Dungeon
  3470 | D:5      | Noticed an ice beast
  3477 | D:5      | Killed an ice beast
  3478 | D:5      | Reached skill level 5 in Axes
  3478 | D:5      | Reached XP level 7. HP: 62/62 MP: 6/6
  3522 | D:5      | Found a staircase to the Ecumenical Temple.
  3663 | Temple   | Entered the Ecumenical Temple
  3692 | D:5      | Identified the +4 ring mail of Serendipity {Regen+}
  3856 | D:5      | Reached XP level 8. HP: 71/71 MP: 7/7
  4077 | D:5      | Noticed Grinder
  4084 | D:5      | Paralysed by Grinder for 2 turns
  4090 | D:5      | Killed Grinder
  4240 | D:5      | Gained mutation: Your spells are a little harder to cast,
                  | but a little more powerful. [potion of mutation]
  4240 | D:5      | Gained mutation: You passively dampen the noise of your
                  | surroundings. [potion of mutation]
  6393 | D:6      | Found the +5 woodcutter's axe
  6708 | D:6      | Reached XP level 9. HP: 81/81 MP: 8/8
  6825 | D:6      | Found Welyissi's Magic Scroll Boutique.
  7320 | D:7      | You fall into a shaft and drop 2 floors!
  7633 | D:7      | Noticed Maggie
  7640 | D:7      | Killed Maggie
  8274 | D:8      | Noticed Prince Ribbit
  8278 | D:8      | Killed Prince Ribbit
  8299 | D:8      | Noticed Gastronok
  8300 | D:8      | Noticed Joseph
  8310 | D:8      | Killed from afar by Gastronok

Illustrated notes

Levels and vault maps discovered:
D:1:      dpeg_arrival_stone_temple_mockup, layout_basic,
          minmay_stone_trees_medium
D:2:      layout_loops_ring, serial_shops, shop
D:3:      layout_basic, nicolae_overflow_hidden_temple,
          corexii_item_surrounded_by_moat, bh_walls_and_bars, uniq_natasha,
          uniq_terence
D:4:      nicolae_BIG_FREAKIN_CUBE, layout_rooms, lemuel_crystal_altar,
          chequers_avenue
D:5:      layout_basic, minmay_temple_entry_waves, minmay_manual_mail,
          uniq_grinder
D:6:      layout_basic, serial_shops, kennysheep_mini,
          pf_guarded_unrand_woodcutter
D:7:      layout_loops_cross, dk_vineyard_2, uniq_maggie
D:8:      layout_cave_pools, palyth_stone_intersect, uniq_joseph,
          uniq_gastronok, uniq_prince_ribbit1
D:9:      layout_cave_pools, dk_xom_monty_hall, uniq_amaemon
Temple:   nicolae_temple_no_exploring_needed

Skill      XL: |  1  2  3  4  5  6  7  8  9 |
---------------+----------------------------+-----
Armour         | 4 5 6 8 9 |  9.1
Fighting       | 4 5 6 8 9 |  9.1
Axes           | 3 4 5 6 7 9 |  9.5
Shields        | 4 5 6 7 9 |  9.0

Action                     |  1- 3 |  4- 6 |  7- 9 || total
---------------------------+-------+-------+-------++-------
  Melee: War axe           |    99 |   101 |   185 ||   385
         Headbutt          |     9 |    16 |    26 ||    51
    Use: Scroll            |       |     4 |     8 ||    12
         Potion            |       |       |     9 ||     9
   Stab: Invisible         |       |       |     2 ||     2
 Armour: Scale mail        |    59 |    39 |    73 ||   171
  Dodge: Dodged            |    49 |    68 |   161 ||   278
  Block: Buckler           |    19 |    20 |    45 ||    84

Table legend: (Time is in decaauts)
 A = Elapsed time spent in this place.
 B = Non-inter-level travel time spent in this place.
 C = Inter-level travel time spent in this place.
 D = Time resting spent in this place.
 E = Time spent auto-exploring this place.
 F = Levels seen in this place.
 G = Mean time per level.
                   A        B        C        D        E       F      G
               +--------+--------+--------+--------+--------+-----+--------+
         Total |   8443 |   8138 |    305 |   2313 |   4676 |  10 |  844.3 |
       Dungeon |   8426 |   8121 |    305 |   2313 |   4661 |   9 |  936.2 |
        Temple |     16 |     16 |      0 |      0 |     15 |   1 |   16.0 |
               +--------+--------+--------+--------+--------+-----+--------+

Top non-repeatable levels by time:
     D:5: 1912 daAuts
     D:6: 1766 daAuts
     D:7: 1097 daAuts
     D:4: 1013 daAuts
     D:3: 956 daAuts
     D:1: 802 daAuts
     D:2: 741 daAuts
     D:8: 108 daAuts
     D:9: 27 daAuts
  Temple: 16 daAuts
